 Dungeon Crawl Stone Soup version 0.19-a0-994-g3c636f0 (webtiles) character file.

211 mistymad the Poker (level 5, 0/43 HPs)
             Began as a Merfolk Monk on July 15, 2016.
             Slain by an ice beast (7 damage)
             ... on level 3 of the Dungeon.
             The game lasted 00:08:03 (4179 turns).

mistymad the Poker (Merfolk Monk)                   Turns: 4179, Time: 00:08:04

Health: 0/43       AC:  3    Str: 12    XL:     5   Next: 88%
Magic:  5/5        EV: 18    Int: 13    God:
Gold:   175        SH:  0    Dex: 16    Spells: 0 memorised, 4 levels left

rFire  . . .     SeeInvis +     j - +0 trident
rCold  . . .     Gourm    +     o - +0 leather armour
rNeg   . . .     Faith    .     (no shield)
rPois  .         Spirit   .     (no helmet)
rElec  .         Dismiss  .     k - -1 cloak (curse)
rCorr  .         Reflect  .     (no gloves)
SustAt .         Harm     .     (boots currently unavailable)
MR     .....                    e - amulet of the gourmand
Stlth  +++.......               f - ring of see invisible
                                d - +3 ring of intelligence

@: very quick, not resistant to hostile enchantments, fairly stealthy
A: change form in water, swift swim
a: no special abilities


You were on level 3 of the Dungeon.
You were completely stuffed.

You visited 1 branch of the dungeon, and saw 4 of its levels.

You collected 175 gold pieces.

Inventory:

Hand Weapons
 a - a +0 spear
 j - a +0 trident (weapon)
Armour
 b - a +1 robe
 k - a cursed -1 cloak (worn)
 o - a +0 leather armour (worn)
Jewellery
 d - a +3 ring of intelligence (left hand)
 e - an amulet of the gourmand (around neck)
 f - a ring of see invisible (right hand)
 p - an uncursed ring of protection from fire {unknown}
Scrolls
 l - a scroll of enchant armour
 q - a scroll of remove curse {unknown}
Potions
 g - a potion of cancellation
 h - a potion of mutation
 n - a potion of degeneration {unknown}
Comestibles
 c - a bread ration
 i - 3 meat rations
 m - 3 chunks of flesh


   Skills:
 + Level 4.6 Fighting
 + Level 5.9 Polearms
 + Level 1.5 Armour
 + Level 5.4 Dodging
 - Level 2.1 Stealth


You had 4 spell levels left.
You didn't know any spells.

Dungeon Overview and Level Annotations

Branches:
Dungeon (4/15)
 Temple: D:4-7

Altars:
Hepliaklqana
Nemelex Xobeh
Xom

Annotations:
D:4 mistymad's ghost, amateur MfMo


Message History

The ice beast closely misses you.
There is a large open door here.
Your legs become a tail as you enter the water.
There is a hazy altar of Hepliaklqana here.
You are too injured to fight recklessly!
Your legs become a tail as you enter the water.
You are too injured to fight recklessly!
You are too injured to fight recklessly!
You are too injured to fight recklessly!
Attack whom?
Press: ? - help, Dir - move target cursor, f - ice beast
Aim: an ice beast (water)
You reach to attack!
You closely miss the ice beast.
Attack whom?
Press: ? - help, Dir - move target cursor, f/p - ice beast
Aim: an ice beast (water)
You barely miss the ice beast. The ice beast hits you.
* * * LOW HITPOINT WARNING * * *
The ice beast freezes you!
You die...

#.........#
#......).###<
#.........#
########..##.
#.........#########
##....
#.................#
#.#.#
#...>.)....######.#
#.#.#
##.......#.#≈≈≈≈#.#
#####.#..
##....<...'≈.>≈#.#
#......#.
#######..'≈_⌠≈#.#
#.....<.. ##.#≈Y@≈#.#
#....#.#> #..######.#
#....#.#. #...).....#
######.#. #..##....##
#.#.
##..####.########
#.#. ##.# #.).......#
#... #.# #(........#
#..) #.###.........#
##...
#..##.........###⌠.⌠.


You could see an ice beast.

Vanquished Creatures
  An orc wizard (D:3)
  A worker ant (D:4)
  7 adders
  A worm (D:3)
  2 dart slugs (D:1)
  3 giant geckos
  5 orcs (D:3)
  7 giant cockroaches
  9 hobgoblins
  8 kobolds
  A quokka (D:3)
  A ball python (D:3)
  9 bats
  4 giant newts
  14 goblins
  7 rats
80 creatures vanquished.

Notes
Turn   | Place    | Note
-------+----------+-------------------------------------------
     0 | D:1      | mistymad the Merfolk Monk began the quest for the Orb.
     0 | D:1      | Reached XP level 1. HP: 18/18 MP: 1/1
   204 | D:1      | Reached XP level 2. HP: 2/24 MP: 2/2
   524 | D:1      | Reached skill level 5 in Polearms
   879 | D:2      | Reached XP level 3. HP: 25/29 MP: 3/3
  1544 | D:2      | Reached XP level 4. HP: 21/37 MP: 4/4
  1739 | D:2      | Found a shimmering altar of Xom.
  2040 | D:3      | Found a hazy altar of Hepliaklqana.
  2701 | D:3      | Reached skill level 1 in Armour
  2701 | D:3      | Reached skill level 5 in Dodging
  2701 | D:3      | Reached XP level 5. HP: 21/43 MP: 5/5
  3470 | D:3      | Found a sparkling altar of Nemelex Xobeh.
  4126 | D:4      | Noticed an ice beast
  4128 | D:4      | Noticed mistymad's ghost (amateur MfMo)
  4179 | D:3      | Slain by an ice beast

Vault maps used:
D:1:      scummos_arrival_checkerplants, serial_park_tiny_2
D:2:      tgw_xom
D:3:      kb_forest_paths, general_overflow_altar,
          nemelex_xobeh_ov_fountains_minmay
D:4:      kennysheep_mini_moat

Skill      XL: |  1  2  3  4 |
---------------+-------------+-----
Polearms       | 5 |  5.9
Fighting       | 4 |  4.6
Armour         | 1 |  1.5
Dodging        | 5 |  5.4
Stealth        | |  2.1

Action                   |  1- 3 |  4- 6 || total
-------------------------+-------+-------++-------
Melee: Spear             |   141 |   136 ||   277
       Trident           |       |    81 ||    81
  Use: Scroll            |     5 |     3 ||     8
       Potion            |       |     1 ||     1
 Stab: Sleeping          |     7 |     4 ||    11
  Eat: Chunk             |     3 |    17 ||    20
Armor: Robe              |    11 |    15 ||    26
       Leather armour    |       |    11 ||    11
Dodge: Dodged            |    67 |   126 ||   193
